AoeStats
← Abo Shajumaro

Arabia

510635292Analyzed
2v2 RM · 21h ago on Oct 1, 2026· 38m 28s· 4 players
Game mode
Random Map
Map size
Medium (4 player)
Population
200
Speed
Normal
Resources
Standard
Victory
Conquest
Starting age
Dark Age
Ending age
Imperial Age
RankedLock teamsTeams togetherTeam positionsShared explorationLock speedFull tech treeHidden civsTurbo modeCheats
Victory
Defeat
🇦🇷 Tupi · Argentina
1152
+15
🇦🇷 Magyars · Argentina
1105
+17
🇩🇰 Mongols · Denmark
1139
-16
🇩🇰 Danes · Denmark
1138
-16
El Loco Blanco
7:46 Loom
10:33 Feudal Age
14:16 Castle Age
12:43 Double-Bit Axe
16:13 Bow Saw
20:28 Fletching
22:39 Bodkin Arrow
26:33 Town Watch
32:01 Ballistics
36:30 Padded Archer Armor
39:07 Leather Archer Armor
Mono4505
5:26 Loom
10:56 Feudal Age
12:06 Double-Bit Axe
13:26 Bloodlines
15:46 Horse Collar
15:54 Town Watch
18:23 Wheelbarrow
23:10 Castle Age
21:05 Gold Mining
21:06 Stone Mining
22:41 Scale Barding Armor
24:01 Bow Saw
24:19 Husbandry
27:54 Heavy Plow
32:25 Gold Shaft Mining
Abo Shajumaro
10:39 Feudal Age
11:08 Double-Bit Axe
11:26 Horse Collar
11:36 Loom
19:01 Castle Age
18:16 Forging
20:32 Bow Saw
20:53 Gold Mining
22:02 Wheelbarrow
21:35 Heavy Plow
21:39 Squires
24:29 Scale Mail Armor
25:29 Gold Shaft Mining
25:39 Hand Cart
31:43 Fletching
33:29 Gold Shaft Mining
34:26 Iron Casting
34:40 Bodkin Arrow
Jub Jub
6:10 Loom
11:03 Feudal Age
12:07 Double-Bit Axe
16:11 Castle Age
15:16 Fletching
17:16 Bodkin Arrow
34:33 Padded Archer Armor
Connection lost

Rejoining the realm…

Still unreachable

The connection could not be restored.

Session expired

The server has moved on; the page needs a fresh start.